 Dungeon Crawl Stone Soup version 0.28.0-53-g5a82cb258f (webtiles) character file.

Game seed: 9202379690833445781

22749 Jerry the Basher (level 12, -2/122 HPs)
             Began as a Troll Hunter on June 23, 2022.
             Was an Initiate of Gozag.
             Slain by a skeletal warrior
             ... wielding a +0 mace
             ... led by a death knight
              (9 damage)
             ... on level 13 of the Dungeon.
             The game lasted 00:58:42 (10656 turns).

Jerry the Basher (Troll Hunter)                    Turns: 10656, Time: 00:58:42

Health: -2/122     AC: 11    Str: 30    XL:     12   Next: 65%
Magic:  20/20      EV: 10    Int:  7    God:    Gozag
Gold:   832        SH:  0    Dex:  6    Spells: 11/11 levels left

rFire   . . .      SeeInvis +   o - +3 whip (spect)
rCold   . . .      Faith    .   (no shield)
rNeg    . . .      Spirit   .   J - +0 steam dragon scales
rPois   +          Reflect  .   a - +2 hat "Usseilas" {Str+3}
rElec   .          Harm     .   N - +0 cloak
rCorr   .          Rampage  .   (gloves unavailable)
Will    .....                   (boots unavailable)
Stlth   +.........              t - amulet of regeneration
HPRegen 1.90/turn               C - ring of poison resistance
MPRegen 0.17/turn               P - ring of Ranehoff {+Blink MP+9 Dex-4 Slay+4 SInv}

@: slowed, studying Slings, very slow
A: large, unfitting armour, claws 3, regeneration 1, shaggy fur 1, tough skin 1
a: Renounce Religion, Evoke Blink, Potion Petition, Call Merchant, Bribe Branch


You were on level 13 of the Dungeon.
You worshipped Gozag.
Gozag was pleased with you.
You visited 3 branches of the dungeon, and saw 15 of its levels.

You collected 1999 gold pieces.
You spent 1089 gold pieces at shops.
You paid 78 gold pieces to Gozag.

Inventory:

Hand Weapons
 o - a +3 spectral whip (weapon)
 D - a +0 giant spiked club
 H - a +2 whip of electrocution
Missiles
 c - 5 large rocks (quivered)
 d - 2 throwing nets
Armour
 a - the +2 hat "Usseilas" (worn) {Str+3}
   (You acquired it on level 7 of the Dungeon)

   Str:       It affects your strength (+3).
 J - +0 steam dragon scales (worn)
 N - a +0 cloak (worn)
Jewellery
 p - a ring of fire
 q - a ring of flight
 t - an amulet of regeneration (around neck)
 u - a ring of positive energy
 x - a +4 ring of protection
 C - a ring of poison resistance (left claw)
 P - the ring of Ranehoff (right claw) {+Blink MP+9 Dex-4 Slay+4 SInv}
   (You bought it in a shop on level 3 of the Dungeon)

   [ring of slaying]

   Dex:       It affects your dexterity (-4).
   Slay:      It affects your accuracy & damage with ranged weapons and melee
   (+4).
   MP:        It affects your magic capacity (+9).
   SInv:      It lets you see invisible.
   +Blink:    It lets you blink.
Wands
 b - a wand of polymorph (8)
 r - a wand of mindburst (19)
 s - a wand of iceblast (6)
 w - a wand of acid (2)
 E - a wand of flame (6)
 G - a wand of digging (3)
 L - a wand of paralysis (6)
Scrolls
 e - a scroll of identify
 g - a scroll of fog
 i - 2 scrolls of enchant armour
 l - a scroll of immolation
 v - 6 scrolls of teleportation
 y - a scroll of magic mapping
 F - 2 scrolls of amnesia
 M - a scroll of blinking
Potions
 f - 4 potions of curing
 h - 2 potions of flight
 j - 7 potions of heal wounds
 k - 2 potions of ambrosia {unknown}
 m - 5 potions of mutation {unknown}
 n - 2 potions of degeneration {unknown}
 z - a potion of might {unknown}
 A - a potion of lignification {unknown}
 B - a potion of cancellation {unknown}
 I - a potion of haste {unknown}
 K - a potion of brilliance {unknown}
 O - 2 potions of berserk rage {unknown}


   Skills:
 + Level 8.4 Fighting
 + Level 12.3 Maces & Flails
 + Level 9.8 Throwing
 + Level 5.1 Armour
 - Level 6.4 Dodging
 - Level 0.3 Stealth


You had 11 spell levels left.
You didn't know any spells.
Your spell library contained the following spells:

 Spells                   Type           Power      Damage    Failure   Level
 Shock                    Conj/Air       0%         1d3       43%         1
 Summon Small Mammal      Summ           0%         N/A       43%         1
 Corpse Rot               Necr/Air       0%         N/A       56%         2
 Poisonous Vapours        Pois/Air       0%         N/A       56%         2
 Swiftness                Air            0%         N/A       80%         3
 Airstrike                Air            0%         N/A       99%         4


Dungeon Overview and Level Annotations

Branches:
Dungeon (13/15)            Temple (0/1) D:7            Lair (1/6) D:10
    Orc (1/2) D:9
 Vaults: D:13-14

Altars:
Ashenzari
Elyvilon
Fedhas
Gozag
Hepliaklqana
Makhleb
Sif Muna
Uskayaw
Vehumet

Shops:
D:3 ([=(!   D:13 *

Annotations:
D:5 2 transporters


Innate Abilities, Weirdness & Mutations

You are too large for most types of armour.
You have claws for hands.
Your natural rate of healing is unusually fast.
You are covered in fur. (AC +1)
You have tough skin. (AC +1)


Message History

HP restored.
You climb downwards.
You feel a wave of frost pass over you.
There is an entrance to an ice cave on this level.
Hurry and find it before the portal melts!
You hear the quick crackling of a melting archway nearby.
The death knight closely misses you.
There is a stone staircase leading up, spattered with blood here.
You hit the death knight but do no damage.
The death knight is moderately wounded.
Your +3 spectral whip closely misses the death knight.
The death knight mumbles some strange prayers to Yredelemnul against you.
Your body is wracked with pain!
The death knight hits you from afar with a +0 glaive!
The death knight offers itself to Yredelemnul, and fills with unholy energy.
The death knight's dark mirror aura disappears.
There is an entrance to Saiq Tecymm's General Store here.
The death knight mumbles some strange prayers to Yredelemnul against you.
Your body is wracked with pain!
A freezing wraith comes into view.
The death knight calls down the wrath of Yredelemnul upon you.
Your body is wracked with pain!
* * * LOW HITPOINT WARNING * * *
A skeletal warrior comes into view. It is wielding a +0 mace.
The death knight invokes the aid of Yredelemnul against you.
Your body is wracked with pain!
* * * LOW HITPOINT WARNING * * *
As you read the scroll of teleportation, it crumbles to dust.
You feel strangely unstable.
The freezing wraith hits you but does no damage. x2
Your surroundings seem slightly different.
The freezing wraith misses you.
The freezing wraith hits you but does no damage.
The freezing wraith barely misses you. The freezing wraith hits you!
* * * LOW HITPOINT WARNING * * *
The freezing wraith drains your vigour!
You feel yourself slow down.
The skeletal warrior hits you with a +0 mace!
* * * LOW HITPOINT WARNING * * *
The skeletal warrior hits you with a +0 mace!
You die...
Your body crumbles into a pile of gold.

...........# #.#
#######'#..# #.#
#..#..# #.# #..#..# #.#
#..#..# #<####
####..########....#
#...p........[....#
#...Wz....$########
####@....(.# #.......#
.'((.(...# ###..(....#
#.........#
#..(..(((.#####
#...).........#
.######.............#
....................###


You could see a death knight, a skeletal warrior and a freezing wraith.

Vanquished Creatures
  A boulder beetle (D:12)
  A hydra (D:12)
  An ogre mage (D:13)
  7 two-headed ogres
  A tengu warrior (D:10)
  Urug (D:12)
  Pikel (D:6)
  An orc knight (D:9)
  A deep elf pyromancer (D:11)
  An ugly thing (D:13)
  2 cyclopes
  An orc sorcerer (D:9)
  A manticore (D:12)
  2 gargoyles
  Maggie (D:10)
  Psyche (D:11)
  A cane toad (Lair:1)
  A freezing wraith (D:12)
  A komodo dragon (D:12)
  3 trolls
  A hornet (D:10)
  3 slime creatures (D:12)
  Prince Ribbit (D:8)
  2 wyverns
  13 yaks
  A shadow (D:10)
  A basilisk (D:12)
  4 wraiths
  A fire elemental (D:11)
  A steam dragon (D:9)
  3 vampire mosquitoes (D:11)
  Edmund (D:4)
  An acid dragon (D:11)
  2 water moccasins
  6 orc warriors
  3 ice beasts
  A wolf (D:10)
  3 ogres
  2 centaurs
  A phantom (D:6)
  Blork the orc (D:6)
  3 bullfrogs
  A gnoll sergeant (D:12)
  A wyvern zombie (D:8)
  A wyvern skeleton (D:7)
  6 killer bees
  7 wights
  A bullfrog zombie (D:5)
  4 centaur zombies
  4 jellies
  2 hounds
  5 orc priests
  A centaur skeleton (D:6)
  2 iguanas (D:5)
  A gnoll shaman (D:9)
  4 orc wizards
  A statue (D:5)
  5 adders
  20 gnolls
  A shadow imp (D:8)
  2 white imps
  2 ufetubi
  2 adder skeletons (D:4)
  5 worms (D:3)
  2 dart slugs
  23 orcs
  10 endoplasms
  4 giant cockroaches
  9 goblins
  3 hobgoblins
  A jackal (D:3)
  4 kobolds
  3 quokkas
  7 ball pythons
  6 bats
  4 frilled lizards
  7 rats
246 creatures vanquished.

Vanquished Creatures (others)
  2 fungi (D:3)
  4 plants
6 creatures vanquished.

Grand Total: 252 creatures vanquished

Notes
Turn   | Place    | Note
-------+----------+-------------------------------------------
     0 | D:1      | Jerry the Troll Hunter began the quest for the Orb.
     0 | D:1      | Reached XP level 1. HP: 19/19 MP: 0/0
   129 | D:1      | Reached XP level 2. HP: 23/28 MP: 1/1
   439 | D:2      | Reached XP level 3. HP: 13/35 MP: 2/2
   482 | D:2      | Reached skill level 1 in Maces & Flails
   933 | D:2      | Reached XP level 4. HP: 42/42 MP: 3/3
  1165 | D:3      | Found Lavaen's Jewellery Shoppe.
  1204 | D:3      | Found Wutugheh's Armour Shoppe.
  1214 | D:3      | Reached skill level 2 in Maces & Flails
  1242 | D:3      | Found Wiewoqat's Antique Weapon Boutique.
  1315 | D:3      | Reached XP level 5. HP: 7/50 MP: 4/4
  1383 | D:3      | Found a faded altar of an unknown god.
  1387 | D:3      | Got Plato's Disquisition on Companions
  1446 | D:3      | Found Ynenk's Antique Weapon Shop.
  1666 | D:3      | Found Vuyrrih's Distillery.
  1949 | D:3      | Reached skill level 3 in Maces & Flails
  1971 | D:3      | Reached XP level 6. HP: 36/59 MP: 5/5
  2236 | D:4      | Noticed Edmund
  2250 | D:4      | Killed Edmund
  2482 | D:4      | Found a hazy altar of Hepliaklqana.
  2702 | D:5      | Entered Level 5 of the Dungeon
  2707 | D:4      | Reached skill level 4 in Maces & Flails
  2707 | D:4      | Reached XP level 7. HP: 63/67 MP: 6/6
  2731 | D:5      | Found a transporter.
  2831 | D:5      | Reached skill level 5 in Throwing
  3066 | D:5      | Found a radiant altar of Vehumet.
  3139 | D:5      | Found a blossoming altar of Fedhas.
  3297 | D:5      | Found a transporter.
  3712 | D:6      | Noticed Blork the orc
  3715 | D:6      | Killed Blork the orc
  3798 | D:6      | Found a broken altar of Ashenzari.
  3823 | D:6      | Found an opulent altar of Gozag.
  3833 | D:6      | Found a white marble altar of Elyvilon.
  3847 | D:6      | Became a worshipper of Gozag Ym Sagoz the Greedy
  4022 | D:6      | Reached skill level 5 in Maces & Flails
  4022 | D:6      | Reached XP level 8. HP: 78/78 MP: 7/7
  4243 | D:6      | Found a shimmering blue altar of Sif Muna.
  4430 | D:7      | Found a burning altar of Makhleb.
  4503 | D:7      | Noticed Pikel
  4570 | D:6      | Killed Pikel
  4571 | D:6      | Reached skill level 6 in Maces & Flails
  4599 | D:7      | Reached XP level 9. HP: 82/85 MP: 8/8
  4652 | D:7      | Found a staircase to the Ecumenical Temple.
  4714 | D:7      | You fall into a shaft and drop 2 floors!
  4832 | D:9      | Noticed a two-headed ogre
  4860 | D:9      | Killed a two-headed ogre
  4861 | D:9      | Reached skill level 5 in Fighting
  4861 | D:9      | Reached skill level 7 in Maces & Flails
  4861 | D:9      | Reached skill level 5 in Dodging
  5002 | D:9      | Found a staircase to the Orcish Mines.
  5412 | D:8      | Found a hide-covered altar of Uskayaw.
  5445 | D:8      | Noticed Prince Ribbit
  5459 | D:8      | Killed Prince Ribbit
  5460 | D:8      | Reached skill level 8 in Maces & Flails
  5603 | D:8      | Reached XP level 10. HP: 62/97 MP: 9/9
  6138 | D:7      | Identified a scroll of acquirement
  6138 | D:7      | Acquired the +2 hat "Usseilas" {Str+3}
  6474 | Orc:1    | Entered Level 1 of the Orcish Mines
  6475 | Orc:1    | Noticed an orc sorcerer
  6494 | D:9      | Paralysed by an orc sorcerer for 7 turns
  6565 | D:9      | Killed an orc sorcerer
  6566 | D:9      | Reached skill level 9 in Maces & Flails
  6809 | Orc:1    | Noticed an orc knight
  6830 | D:9      | Killed an orc knight
  7081 | Orc:1    | Noticed an orc sorcerer
  7082 | Orc:1    | Noticed an orc knight
  7083 | Orc:1    | Noticed an orc sorcerer
  7094 | Orc:1    | Noticed a smoke demon
  7203 | D:10     | Entered Level 10 of the Dungeon
  7245 | D:10     | Noticed Maggie
  7249 | D:10     | Killed Maggie
  7487 | D:10     | Found a staircase to the Lair.
  7598 | D:10     | Noticed a two-headed ogre
  7601 | D:10     | Killed a two-headed ogre
  7602 | D:10     | Reached skill level 1 in Armour
  7602 | D:10     | Reached XP level 11. HP: 93/107 MP: 10/10
  7632 | D:10     | Noticed a two-headed ogre
  7635 | D:10     | Killed a two-headed ogre
  7636 | D:10     | Reached skill level 10 in Maces & Flails
  8047 | Lair:1   | Entered Level 1 of the Lair of Beasts
  8127 | D:11     | Noticed a two-headed ogre
  8130 | D:11     | Killed a two-headed ogre
  8380 | D:11     | Noticed Psyche
  8401 | D:11     | Noticed a tengu warrior
  8423 | D:10     | Killed a tengu warrior
  8569 | D:3      | Bought the ring of Ranehoff {+Blink MP+9 Dex-4 Slay+4 SInv}
                  | for 1047 gold pieces
  8831 | D:11     | Reached skill level 11 in Maces & Flails
  8892 | D:11     | Noticed a deep elf pyromancer
  8968 | D:11     | Killed a deep elf pyromancer
  9043 | D:11     | Killed Psyche
  9490 | D:12     | Noticed Urug
  9498 | D:12     | Noticed a five-headed hydra
  9503 | D:12     | Killed a five-headed hydra
  9504 | D:12     | Reached XP level 12. HP: 119/119 MP: 11/11
  9605 | D:12     | Noticed a two-headed ogre
  9787 | D:12     | Killed a two-headed ogre
  9958 | D:12     | Noticed a boulder beetle
 10115 | D:12     | Killed a boulder beetle
 10183 | D:12     | Killed Urug
 10184 | D:12     | Reached skill level 12 in Maces & Flails
 10281 | D:13     | Found Saiq Tecymm's General Store.
 10288 | D:13     | Bought a scroll of teleportation for 42 gold pieces
 10364 | D:13     | Noticed an ogre mage
 10364 | D:13     | Noticed a two-headed ogre
 10392 | D:13     | Noticed a two-headed ogre
 10392 | D:13     | Noticed a death knight
 10530 | D:12     | Killed a two-headed ogre
 10581 | D:13     | Killed an ogre mage
 10582 | D:13     | Reached skill level 5 in Armour
 10590 | D:13     | Killed a two-headed ogre
 10656 | D:13     | Slain by a skeletal warrior

Illustrated notes

Levels and vault maps discovered:
D:1:      heliophobic_arrival_henge, layout_rooms, minmay_tromino_i2
D:2:      layout_loops_ring, st_stairs_5
D:3:      minmay_bubble_buster, layout_loops_ring,
          shapermc_ecumenical_altar_rom_forum, serial_shops, shop_statue,
          nicolae_diamond_shop, nicolae_shop_hallway_plus, shop_statue, shop
D:4:      layout_rooms, nicolae_overflow_crystal_walls,
          amcnicky_mini_pool_small, uniq_edmund
D:5:      gammafunk_steamed_eel, layout_cave_pods, vehumet_statue,
          nicolae_overflow_hidden_temple
D:6:      layout_basic, led_sif_pool, minitemple,
          mainiacjoe_overflow_cross_hatched, serial_bayou_pond_d,
          uniq_blork_the_orc
D:7:      layout_rooms, mainiacjoe_overflow_tiny_flanked,
          minmay_temple_entry_glass, minmay_splitting_lines,
          nrook_loot_triangle, minmay_misc_feat_rugged, uniq_pikel
D:8:      layout_basic, nicolae_uskayaw_murder_on_the_dancefloor,
          uniq_prince_ribbit1
D:9:      layout_long_grid, orc_0_dummy
D:10:     layout_gridville, lair_entry_dummy, fountainhead, uniq_maggie
D:11:     layout_cave_pools, kennysheep_cross_bottleneck, uniq_psyche
D:12:     layout_cave_pools, gauntlet_entry_generic, uniq_urug
D:13:     layout_irregular_city, david_vaults_2, serial_shops, shop,
          portal_ice_cave_entry_pillars_2, gammafunk_ghost_spectres
Lair:1:   layout_hall_layers, ebering_ghost_funeral_grove,
          cheibrodos_lair_lostbears, lemuel_fruit_fields,
          infiniplex_staircase_pool, grunt_megastairs_3, uniq_erica
Orc:1:    layout_diamond_mine

Skill      XL: |  1  2  3  4  5  6  7  8  9 10 11 12 |
---------------+-------------------------------------+-----
Fighting       | 2 3 4 5 6 7 8 |  8.4
Dodging        | 2 3 4 5 6 |  6.4
Maces & Flails | 1 2 3 4 5 6 8 9 11 12 | 12.3
Throwing       | 4 5 6 7 8 9 |  9.8
Armour         | 1 3 5 |  5.1
Stealth        | |  0.3

Action                   |  1- 3 |  4- 6 |  7- 9 | 10-12 || total
-------------------------+-------+-------+-------+-------++-------
Melee: Short sword       |   160 |       |       |       ||   160
       Punch             |     2 |       |     1 |     7 ||    10
       Whip              |       |   138 |   214 |   525 ||   877
Throw: Large rock        |     2 |     8 |     6 |    72 ||    88
       Throwing net      |       |     1 |       |       ||     1
  Use: Scroll            |       |       |       |    20 ||    20
 Stab: Sleeping          |     1 |       |       |       ||     1
       Distracted        |       |       |       |     5 ||     5
Armor: Robe              |    61 |    25 |    64 |    40 ||   190
       Steam dragon scal |       |       |       |   114 ||   114
Dodge: Dodged            |    96 |    62 |   100 |   200 ||   458
